 Dungeon Crawl Stone Soup version 0.26.1-2-gb8aa6d0cf2 (webtiles) character file.

Game seed: 17318312051042647216

58069 DearestLeader the Gelid (level 14, -16/110 HPs)
             Began as a Merfolk Ice Elementalist on Mar 26, 2021.
             Was a High Priest of Vehumet.
             Demolished by an alligator simulacrum (31 damage)
             ... in an ice cave.
             The game lasted 01:17:30 (33904 turns).

DearestLeader the Gelid (Merfolk Ice Elementalist) Turns: 33904, Time: 01:17:31

Health: -16/110    AC: 25    Str:  8    XL:     14   Next: 89%
Magic:  3/21       EV: 20    Int: 23    God:    Vehumet [*****.]
Gold:   1643       SH:  8    Dex: 14    Spells: 8/23 levels left

rFire    + + .     SeeInvis +   F - +0 trident
rCold    . . .     Faith    .   w - +3 buckler {rF+}
rNeg     + . .     Spirit   .   X - +2 leather armour {Will+}
rPois    .         Reflect  .   q - +2 helmet {Int+3}
rElec    .         Harm     .   u - +2 cloak
rCorr    .         Rampage  .   J - +0 pair of gloves
Will     ++...                  (no boots)
Stlth    ++........             f - amulet of the acrobat
HPRegen  0.28/turn              v - +4 ring of protection
MPRegen  0.17/turn              O - ring "Xipni" {rF+ rN+ SInv}

@: icy armour
A: change form in water, swift swim, stealthy swim
a: Renounce Religion


You were in an ice cave.
You worshipped Vehumet.
Vehumet was extremely pleased with you.
You visited 3 branches of the dungeon, and saw 20 of its levels.
You also visited: Sewer, Ossuary, Bailey and Ice Cave.

You collected 1750 gold pieces.
You spent 107 gold pieces at shops.

Inventory:

Hand Weapons
 F - a +0 trident (weapon)
 H - a +2 halberd of electrocution
Missiles
 e - 59 poisoned darts (quivered)
 Z - 6 datura-tipped darts
Armour
 q - a +2 helmet of intelligence (worn)
 t - a +2 robe of cold resistance
 u - a +2 cloak (worn)
 w - a +3 buckler of fire resistance (worn)
 J - a +0 pair of gloves (worn)
 X - a +2 leather armour of willpower (worn)
Jewellery
 f - an amulet of the acrobat (around neck)
 j - an uncursed ring of stealth
 o - an uncursed amulet of magic regeneration {unknown}
 v - a +4 ring of protection (left hand)
 N - an uncursed amulet of regeneration
 O - the ring "Xipni" (right hand) {rF+ rN+ SInv}
   (You acquired it on level 6 of the Lair of Beasts)

   [ring of see invisible]

   It protects you from fire.
   It protects you from negative energy.
   It lets you see invisible.
 Q - an uncursed ring of ice
Wands
 b - a wand of iceblast (38)
 D - a wand of acid (29)
 G - a wand of digging (9)
 K - a wand of polymorph (18)
 M - a wand of paralysis (6)
 V - a wand of flame (22)
Scrolls
 g - 10 scrolls of remove curse
 i - a scroll of enchant armour
 s - 4 scrolls of blinking
 y - 5 scrolls of fog
 z - a scroll of fear
 A - 9 scrolls of teleportation
 B - 6 scrolls of enchant weapon
 C - 4 scrolls of amnesia
 P - a scroll of silence
 S - 2 scrolls of noise {unknown}
 T - a scroll of magic mapping
 U - 2 scrolls of vulnerability {unknown}
 W - a scroll of immolation {unknown}
 Y - 2 scrolls of torment {unknown}
Potions
 a - 3 potions of brilliance
 c - 2 potions of cancellation
 d - 10 potions of curing
 h - a potion of invisibility {unknown}
 k - 5 potions of heal wounds
 m - 4 potions of lignification {unknown}
 n - 4 potions of might
 p - 5 potions of magic {unknown}
 r - 4 potions of haste {unknown}
 x - 2 potions of flight {unknown}
 E - 4 potions of berserk rage
 I - a potion of ambrosia {unknown}
 L - 4 potions of mutation {unknown}


   Skills:
 - Level 10.0 Fighting
 - Level 16.0 Polearms
 - Level 4.0 Armour
 + Level 14.1 Dodging
 - Level 2.1 Stealth
 - Level 4.0 Shields
 - Level 5.0 Spellcasting
 - Level 5.1 Summonings
 + Level 16.1 Ice Magic


You had 8 spell levels left.
You knew the following spells:

 Your Spells              Type           Power        Failure   Level
a - Freeze                Ice            100%         0%          1
b - Frozen Ramparts       Ice            100%         1%          3
c - Ozocubu's Armour      Ice            69%          1%          3
d - Summon Ice Beast      Ice/Summ       53%          1%          4
e - Hailstorm             Conj/Ice       42%          1%          4

Your spell library contained the following spells:

 Spells                   Type           Power        Failure   Level
 Eringya's Noxious Bog    Tmut/Pois      2%           99%         6
 Foxfire                  Conj/Fire      20%          3%          1
 Magic Dart               Conj           20%          3%          1
 Sandblast                Erth           10%          3%          1
 Searing Ray              Conj           10%          5%          2
 Conjure Flame            Conj/Fire      5%           11%         3
 Dazzling Flash           Conj/Hex       10%          11%         3
 Ignite Poison            Fire/Tmut/Pois 5%           11%         3
 Inner Flame              Hex/Fire       5%           11%         3
 Stone Arrow              Conj/Erth      10%          11%         3
 Metabolic Englaciation   Hex/Ice        21%          13%         5
 Passwall                 Tmut/Erth      4%           21%         2
 Fulminant Prism          Conj/Hex       2%           32%         4
 Iskenderun's Mystic Bla  Conj/Tloc      5%           32%         4
 Sticky Flame             Conj/Fire      5%           32%         4
 Confusing Touch          Hex            5%           36%         3
 Gell's Gravitas          Tloc           2%           36%         3
 Bolt of Magma            Conj/Fire/Erth 2%           63%         5
 Lee's Rapid Deconstruct  Erth           2%           63%         5
 Yara's Violent Unravell  Hex/Tmut       2%           63%         5
 Petrify                  Tmut/Erth      5%           78%         4
 Alistair's Intoxication  Tmut/Pois      3%           98%         5
 Borgnjor's Vile Clutch   Necr/Erth      2%           98%         5
 Starburst                Conj/Fire      2%           99%         6


Dungeon Overview and Level Annotations

Branches:
Dungeon (14/15)            Temple (1/1) D:4            Lair (6/6) D:9
 Shoals (0/4) Lair:3       Spider (0/4) Lair:4        Slime (0/5) Lair:5
    Orc (0/2) D:11          Sewer (visited)         Ossuary (visited)
 Bailey (visited)           IceCv (1/1)
 Vaults: D:13-14

Altars:
Ashenzari
Cheibriados
Elyvilon
Fedhas
Gozag
Kikubaaqudgha
Makhleb
Nemelex Xobeh
Okawaru
Qazlal
Ru
Trog
Uskayaw
Vehumet
Wu Jian
Xom
Yredelemnul
Zin
The Shining One

Shops:
D:5 [   D:13 *


Message History

You puncture the alligator simulacrum!
The alligator simulacrum is moderately damaged.
The wolf simulacrum misses you.
Your ice beast barely misses the wolf simulacrum.
You block the polar bear simulacrum's attack.
The polar bear simulacrum claws you but does no damage.
The polar bear simulacrum misses you.
You completely miss the alligator simulacrum.
The alligator simulacrum is moderately damaged.
The wolf simulacrum barely misses you.
Your ice beast hits the wolf simulacrum.
Your ice beast freezes the wolf simulacrum.
The wolf simulacrum completely resists.
Your ice beast hits the polar bear simulacrum but does no damage.
The alligator simulacrum bites you! The alligator simulacrum freezes you!!
* * * LOW HITPOINT WARNING * * *
The alligator simulacrum tail-slaps you!
* * * LOW HITPOINT WARNING * * *
The alligator simulacrum freezes you!!
You die...

#### ##..##
##....###
#....Z..##..
#.∩.@Z......
#...YZ.....#
##..YY##..##
##..## ##
####


You could see a wolf simulacrum, an alligator simulacrum, a polar bear
simulacrum and 3 friendly ice beasts.

Vanquished Creatures
  Rupert (D:13)
  Harold (D:7)
  4 hydras
  A catoblepas (Lair:6)
  Erica (D:10)
  7 death yaks
  A two-headed ogre (D:14)
  The ghost of kelmiir the Magician, a novice GnFE of Sif Muna (D:8)
  Sonja (Lair:4)
  A lindwurm (Lair:6)
  A wizard (D:13)
  A manticore (Lair:6)
  2 ugly things (D:11)
  10 elephants
  A torpor snail (Lair:5)
  7 black mambas
  6 cane toads
  A gargoyle (D:8)
  5 komodo dragons
  3 rime drakes (Lair:6)
  2 polar bears
  Grinder (D:6)
  18 blink frogs
  Sigmund (D:4)
  A wraith (D:10)
  15 wyverns
  35 yaks
  2 humans (D:7)
  6 basilisks
  11 water moccasins
  8 orc warriors
  A black bear (D:9)
  4 sky beasts
  8 ice beasts
  8 necrophages
  A phantom (D:5)
  12 wolves
  7 ogres
  4 centaurs
  The ghost of poo4u the Insei, an amateur OpTm (D:3)
  3 big kobolds (Sewer)
  10 bullfrogs
  2 elf zombies (D:5)
  A gnoll sergeant (D:9)
  3 scorpions (D:4)
  A wyvern skeleton (D:11)
  13 wights
  11 killer bees
  6 electric eels
  2 howler monkeys
  2 bullfrog zombies
  3 centaur zombies
  A human zombie (D:5)
  A quasit (D:10)
  A hound (D:4)
  3 jellies
  13 orc priests
  10 orc wizards
  A bullfrog skeleton (D:5)
  A centaur skeleton (D:4)
  5 iguanas
  A human skeleton (D:5)
  11 worker ants
  5 hell rats (Lair:6)
  A hound zombie (D:10)
  13 mummies (Ossuary)
  2 hound skeletons
  A worker ant zombie (D:5)
  25 gnolls
  A howler monkey skeleton (D:11)
  16 adders
  A river rat (Sewer)
  2 white imps
  An ufetubus (D:7)
  7 oozes
  An adder zombie (D:5)
  An adder skeleton (D:4)
  8 worms
  A dart slug (D:1)
  5 leopard geckos
  43 orcs
  7 ball pythons
  2 giant cockroaches (D:3)
  18 goblins
  23 hobgoblins
  3 quokkas
  9 bats
  A frilled lizard (D:1)
  3 gnoll skeletons (Ossuary)
  3 goblin skeletons (Ossuary)
  A jackal skeleton (D:4)
  10 kobolds
  2 kobold skeletons (Ossuary)
  An orc skeleton (D:5)
  An orc zombie (D:5)
  2 quokka skeletons
  11 rats
  11 rat skeletons (Ossuary)
549 creatures vanquished.

Vanquished Creatures (collateral kills)
  5 hydras
  A boulder beetle (Lair:6)
  3 catoblepae (Lair:6)
  A death yak (Lair:6)
  A lindwurm (Lair:5)
  3 elephants (Lair:6)
  2 manticores (Lair:6)
  2 black mambas
  A cane toad (Lair:6)
  A komodo dragon (Lair:3)
  4 rime drakes
  A wolf spider simulacrum (IceCv)
  2 polar bears
  Prince Ribbit (D:7)
  6 blink frogs
  A snapping turtle (Lair:3)
  16 yaks
  8 basilisks
  A steam dragon (Lair:4)
  A water moccasin (Lair:2)
  A hell hound (Lair:6)
  4 ice beasts
  A centaur (D:13)
  A wight (D:7)
  A hound (D:8)
  2 orc wizards (D:10)
  An orc priest (D:10)
  A jelly (D:7)
  A worker ant (D:10)
  2 hobgoblins (Bailey)
  A kobold (Bailey)
77 creatures vanquished.

Vanquished Creatures (others)
  29 fungi
  38 plants
67 creatures vanquished.

Grand Total: 693 creatures vanquished

Notes
Turn   | Place    | Note
-------+----------+-------------------------------------------
     0 | D:1      | DearestLeader the Merfolk Ice Elementalist began the quest
                  | for the Orb.
     0 | D:1      | Reached XP level 1. HP: 13/13 MP: 3/3
   132 | D:1      | Reached XP level 2. HP: 19/19 MP: 1/5
   204 | D:1      | Reached skill level 5 in Ice Magic
   520 | D:1      | Reached XP level 3. HP: 24/24 MP: 4/6
   524 | D:1      | Learned a level 3 spell: Frozen Ramparts
  1536 | D:2      | Reached XP level 4. HP: 27/30 MP: 7/7
  2311 | D:3      | Reached XP level 5. HP: 35/35 MP: 4/8
  2338 | D:3      | Learned a level 3 spell: Ozocubu's Armour
  2392 | D:3      | Found a runed translucent door.
  2394 | D:3      | Noticed poo4u's ghost (amateur OpTm)
  2402 | D:3      | Reached XP level 6. HP: 36/41 MP: 2/9
  2410 | D:3      | Killed poo4u's ghost
  2827 | D:3      | Found a sparkling altar of Nemelex Xobeh.
  2829 | D:3      | Found a glowing golden altar of the Shining One.
  2857 | D:3      | Found an ornate altar of the Wu Jian Council.
  3456 | D:4      | Reached XP level 7. HP: 46/46 MP: 3/10
  4023 | D:4      | Reached skill level 1 in Shields
  4215 | D:4      | Reached XP level 8. HP: 42/52 MP: 4/11
  4397 | D:4      | Noticed Sigmund
  4410 | D:4      | Reached skill level 5 in Polearms
  4424 | D:4      | Killed Sigmund
  4835 | D:4      | Found a staircase to the Ecumenical Temple.
  4843 | Temple   | Entered the Ecumenical Temple
  4931 | Temple   | Became a worshipper of Vehumet
  5139 | D:5      | Entered Level 5 of the Dungeon
  5241 | D:5      | Found a sand-covered staircase.
  5504 | Ossuary  | Entered an ossuary
  6706 | Ossuary  | Reached * piety under Vehumet
  6706 | Ossuary  | Offered knowledge of Magic Dart by Vehumet.
  7132 | D:5      | Reached skill level 10 in Ice Magic
  7244 | D:5      | Found a broken altar of Ashenzari.
  7244 | D:5      | Found a burning altar of Makhleb.
  7246 | D:5      | Found an opulent altar of Gozag.
  7512 | D:5      | Found a stormy altar of Qazlal.
  7808 | D:5      | Found Wikuirak's Antique Armour Emporium.
  7840 | D:5      | Bought a glowing robe for 107 gold pieces
  8103 | D:6      | Found a glowing drain.
  8116 | Sewer    | Entered a sewer
  8189 | Sewer    | Reached XP level 9. HP: 57/57 MP: 12/12
  8706 | Sewer    | Reached ** piety under Vehumet
  8706 | Sewer    | Offered knowledge of Foxfire by Vehumet.
  8712 | Sewer    | Reached skill level 10 in Polearms
  9601 | D:6      | Offered knowledge of Searing Ray by Vehumet.
  9622 | D:6      | Found a white marble altar of Elyvilon.
  9674 | D:6      | Noticed Grinder
  9718 | D:6      | Killed Grinder
  9724 | D:6      | Learned a level 4 spell: Summon Ice Beast
 10346 | D:6      | Reached skill level 1 in Summonings
 10420 | D:7      | Reached *** piety under Vehumet
 10836 | D:7      | Reached XP level 10. HP: 59/63 MP: 13/13
 10850 | D:7      | Offered knowledge of Fulminant Prism by Vehumet.
 11156 | D:7      | Found an iron altar of Okawaru.
 11653 | D:7      | Reached skill level 1 in Fighting
 11878 | D:7      | Noticed Prince Ribbit
 11882 | D:7      | Noticed Harold
 11888 | D:7      | Killed Prince Ribbit
 11908 | D:7      | HP: 1/66 [Harold/+0 war axe (19)]
 11913 | D:7      | Killed Harold
 12335 | D:8      | Found a flagged portal.
 12357 | Bailey   | Entered a bailey
 12516 | Bailey   | Reached **** piety under Vehumet
 13015 | D:8      | Noticed a gargoyle
 13226 | D:8      | Found a runed translucent door.
 13226 | D:8      | Noticed kelmiir's ghost (novice GnFE)
 13346 | D:8      | Offered knowledge of Iskenderun's Battlesphere by Vehumet.
 13616 | D:8      | Found a glowing golden altar of the Shining One.
 13749 | D:8      | Identified Sif Muna's Papyrus of Poison and Stones
 14045 | D:8      | Killed a gargoyle
 14263 | D:8      | Killed kelmiir's ghost
 14264 | D:8      | Reached skill level 5 in Summonings
 14264 | D:8      | Reached XP level 11. HP: 73/78 MP: 4/14
 15081 | D:9      | Found a staircase to the Lair.
 15095 | D:9      | Reached skill level 5 in Fighting
 15455 | D:10     | Entered Level 10 of the Dungeon
 15464 | D:10     | HP: 3/79 [electric eel/bolt of electricity (12)]
 15822 | Lair:1   | Entered Level 1 of the Lair of Beasts
 16338 | Lair:1   | Identified the Papyrus of Blistering Attacks
 17887 | Lair:1   | Reached ***** piety under Vehumet
 17908 | Lair:1   | Reached skill level 15 in Polearms
 19054 | Lair:2   | Offered knowledge of Orb of Destruction by Vehumet.
 19559 | Lair:2   | Noticed a six-headed hydra
 19575 | Lair:2   | Killed a six-headed hydra
 19776 | Lair:2   | Reached skill level 5 in Dodging
 19776 | Lair:2   | Reached XP level 12. HP: 80/86 MP: 16/19
 20096 | Lair:3   | Reached skill level 1 in Armour
 20096 | Lair:3   | Reached skill level 5 in Spellcasting
 20103 | Lair:3   | Learned a level 4 spell: Hailstorm
 20701 | Lair:3   | You fall into a shaft and drop 2 floors!
 20701 | Lair:5   | Found a staircase to the Slime Pits.
 20709 | Lair:4   | Noticed Sonja
 21031 | Lair:4   | Killed Sonja
 21228 | Lair:4   | Noticed a seven-headed hydra
 21237 | Lair:4   | Killed a seven-headed hydra
 21777 | Lair:4   | Found a hole to the Spider Nest.
 22669 | Lair:4   | Noticed a four-headed hydra
 22683 | Lair:4   | Killed a four-headed hydra
 22844 | Lair:3   | Found a shimmering altar of Xom.
 23432 | Lair:3   | Found a staircase to the Shoals.
 23902 | Lair:5   | Noticed a six-headed hydra
 23917 | Lair:5   | Killed a six-headed hydra
 23918 | Lair:5   | Reached XP level 13. HP: 95/95 MP: 1/20
 25147 | Lair:5   | Offered knowledge of Freezing Cloud by Vehumet.
 25800 | Lair:6   | Entered Level 6 of the Lair of Beasts
 26001 | Lair:6   | Reached skill level 10 in Dodging
 27819 | Lair:6   | Reached XP level 14. HP: 102/108 MP: 17/21
 27819 | Lair:6   | Identified a scroll of acquirement
 27819 | Lair:6   | Acquired the ring "Xipni" {rF+ rN+ SInv}
 28900 | Lair:6   | Reached skill level 10 in Fighting
 28908 | Lair:6   | Reached skill level 15 in Ice Magic
 28964 | Lair:6   | Offered knowledge of Conjure Ball Lightning by Vehumet.
 31915 | D:10     | Noticed Erica
 31937 | D:10     | Killed Erica
 33227 | D:11     | Offered knowledge of Eringya's Noxious Bog by Vehumet.
 33439 | D:11     | Found a staircase to the Orcish Mines.
 33514 | D:11     | Found an iron altar of Okawaru.
 33529 | D:11     | You fall into a shaft and drop 3 floors!
 33550 | D:13     | Found Fschunakk's Fabulous Fripperies.
 33571 | D:13     | Found a frozen archway.
 33571 | D:13     | Noticed Rupert
 33601 | D:13     | Killed Rupert
 33890 | IceCv    | Entered an ice cave
 33904 | IceCv    | Demolished by an alligator simulacrum

Illustrated notes

Levels and vault maps discovered:
D:1:      heliophobic_arrival_ceremonial_halls, layout_loops_ring
D:2:      minmay_general_purpose_star, layout_loops_ring,
          minmay_tree_intersection
D:3:      layout_basic, nicolae_overflow_hidden_temple, ebering_ghost_sewer_d
D:4:      layout_basic, minmay_temple_entry_statues, grunt_decor_resistance,
          uniq_sigmund
D:5:      layout_loops_ring, nicolae_overflow_quartered_altars, serial_shops,
          shop_fountains, nicolae_ossuary_entry_catacombs
D:6:      layout_basic, kennysheep_little_box, portal_sewer_entry_b,
          solitary_fountain, uniq_grinder
D:7:      layout_basic, okawaru_humans, uniq_prince_ribbit1, uniq_harold
D:8:      layout_gridville, gammafunk_ghost_grave, enter_bailey_5, tso_altar
D:9:      layout_roguey, lair_entry_dummy, glass_columns_a
D:10:     minmay_thinvault, layout_basic, minmay_misc_feat_diagonals,
          dk_noncrumbling_4, uniq_erica
D:11:     layout_basic, orc_0_dummy, basic_altar
D:13:     layout_roguey, david_vaults_5, portal_ice_cave_entry_ice_beasts,
          nicolae_alphabet_shops, david_defended_altar_orc, uniq_rupert
D:14:     layout_rooms, elyvilon_altar_4, uniq_azrael, uniq_josephine,
          uniq_agnes
Temple:   oiseaux_autumnal_temple
Lair:1:   layout_chaotic_city, disabler_island, serial_bayou_shore_a,
          grunt_megastairs_3
Lair:2:   layout_regular_city, grunt_megastairs_1, infiniplex_staircase_pool_2
Lair:3:   layout_gridlike, minmay_shoals_entry_hut, basic_altar,
          roderic_carrion_pond, lemuel_fruit_fields
Lair:4:   layout_cave_pods, dummy_spider_entry, infiniplex_staircase_pool,
          uniq_sonja
Lair:5:   layout_regular_city, slime_dummy, st_stairs_13
Lair:6:   evilmike_catoblepas_cave, layout_layer_cave, special_room
          [special_room_mythical_zoo], grunt_megastairs_4
IceCv:    ice_cave_small_necro

Skill      XL: |  1  2  3  4  5  6  7  8  9 10 11 12 13 14 |
---------------+-------------------------------------------+-----
Ice Magic      | 5 6 7 9 10 11 12 13 14 16 | 16.1
Polearms       | 4 8 13 14 15 16 | 16.0
Shields        | 2 4 |  4.0
Summonings     | 2 5 |  5.1
Fighting       | 4 5 6 9 10 | 10.0
Spellcasting   | 4 5 |  5.0
Dodging        | 5 8 11 14 | 14.1
Armour         | 3 4 |  4.0
Stealth        | |  2.1

Action                   |  1- 3 |  4- 6 |  7- 9 | 10-12 | 13-15 || total
-------------------------+-------+-------+-------+-------+-------++-------
Melee: Dagger            |    34 |    60 |       |       |       ||    94
       Spear             |       |       |   450 |       |       ||   450
       Trident           |       |       |   280 |   800 |   927 ||  2007
       Tailslap          |       |       |     9 |     2 |       ||    11
Throw: Dart              |       |       |     3 |    48 |    30 ||    81
 Cast: Freeze            |    22 |    12 |     3 |    11 |     5 ||    53
       Frozen Ramparts   |     4 |    17 |    54 |    80 |    80 ||   235
       Ozocubu's Armour  |       |     2 |    30 |    25 |    38 ||    95
       Summon Ice Beast  |       |       |       |    68 |    92 ||   160
Evoke: Wand              |       |       |       |       |     1 ||     1
  Use: Scroll            |     4 |       |    10 |     5 |     9 ||    28
       Potion            |       |       |       |     9 |       ||     9
 Stab: Sleeping          |     5 |     4 |    27 |    17 |     7 ||    60
       Distracted        |       |       |     1 |     4 |     6 ||    11
Armor: Robe              |     7 |    10 |    68 |    42 |       ||   127
       Leather armour    |       |       |       |    68 |   176 ||   244
Dodge: Dodged            |    31 |    48 |   174 |   299 |   484 ||  1036
Block: Buckler           |       |       |   109 |   209 |   231 ||   549
